Map: Taito Citadel LE

Players

Cypem

  • Race: Zerg Zerg
  • League: Grandmaster
  • Spawn Location: 5:00

A.I. 1 (Very Easy) - Winner!

  • Race: Zerg Zerg
  • Spawn Location: 11:00

VOD

https://www.patreon.com/c/zergsgroundzero/posts

Description

Time

  • Played on: Feb. 4, 2026, 4:20 a.m.
  • Length: 8:08
Show
View Real Time Build Order
Export as new Build Order

Cypem Zerg 

Build Orders: Hatch First 

Get SALT Encoding   

  12  0:00  Drone  
  13  0:09  Drone  
  14  0:14  Extractor, Drone  
  15  0:35  Hatchery  
  14  0:39  Extractor  
  14  0:40  Drone  
  15  0:46  Overlord  
  15  1:02  Spawning Pool  
  15  1:04  Drone  
  15  1:07  Drone  
  16  1:11  Drone  
  16  1:15  Drone  
  18  1:25  Extractor, Drone  
  18  1:38  Drone  
  19  1:48  Queen x2  
  19  1:49  Drone  
  19  1:53  Drone  
  25  1:57  Drone  
  26  2:02  Overlord  
  26  2:09  Drone x2  
  28  2:20  Drone x2  
  30  2:24  Queen  
  32  2:31  Queen  
  32  2:37  Overlord  
  34  2:40  Drone  
  34  2:42  Drone  
  36  2:49  Roach Warren  
  36  2:51  Drone  
  36  2:55  Drone  
  36  2:56  Drone  
  36  2:58  Drone  
  39  3:00  Drone  
  39  3:02  Drone  
  39  3:04  Drone  
  42  3:07  Drone  
  42  3:10  Drone  
  44  3:15  Lair  
  44  3:19  Overlord  
  44  3:28  Evolution Chamber x2  
  44  3:29  Drone x2  
  44  3:30  Extractor  
  44  3:31  Drone  
  44  3:33  Extractor, Drone  
  44  3:38  Drone  
  44  3:39  Drone x2  
  44  3:41  Drone  
  48  3:43  Drone  
  48  3:45  Drone  
  48  3:46  Drone  
  51  3:56  Zerg Missile Weapons Level 1  
  51  4:01  Overlord  
  51  4:06  Overlord  
  51  4:10  Overlord  
  51  4:12  Glial Reconstitution  
  51  4:15  Hatchery  
  50  4:19  Overlord  
  50  4:26  Roach x3  
  50  4:27  Roach  
  50  4:30  Roach  
  60  4:35  Roach x2  
  64  4:43  Overlord  
  64  4:46  Roach x3  
  64  4:50  Roach x2  
  74  4:56  Roach  
  74  4:57  Roach x2  
  80  5:01  Roach  
  80  5:03  Overlord  
  80  5:04  Drone  
  80  5:06  Extractor  
  82  5:11  Overlord  
  82  5:12  Drone  
  82  5:13  Drone  
  84  5:19  Drone x2  
  84  5:20  Drone  
  87  5:24  Drone  
  87  5:26  Drone  
  89  5:30  Drone x4  
  93  5:36  Zerg Ground Armor Level 1  
  93  5:38  Drone x2  
  93  5:39  Drone  
  96  5:43  Drone  
  96  5:44  Drone  
  96  5:47  Extractor, Overlord  
  96  5:49  Overlord  
  97  5:51  Zerg Missile Weapons Level 2  
  97  5:55  Overlord  
  97  5:57  Overlord  
  97  6:03  Tunneling Claws  
  97  6:05  Burrow  
  97  6:07  Roach x2  
  101  6:15  Roach x4  
  101  6:17  Ravager x2  
  111  6:20  Roach x2  
  111  6:23  Roach x2  
  119  6:28  Roach x2  
  119  6:31  Roach x2  
  127  6:35  Roach x2  
  127  6:36  Overlord  
  127  6:38  Overlord  
  131  6:41  Overlord  
  131  6:43  Overlord  
  131  6:48  Roach x2  
  135  6:55  Roach x3  
  135  6:56  Roach  
  143  7:04  Roach x4  
  143  7:05  Roach  
  153  7:09  Overlord x2  
  153  7:11  Roach  
  153  7:12  Ravager x2  
  153  7:13  Ravager  
  158  7:17  Roach x2  
  158  7:21  Roach x2  
  166  7:31  Overlord  
  166  7:32  Roach x5  
  176  7:40  Roach x4  
  184  7:47  Roach x2  
  184  7:48  Roach x2  
  184  7:50  Ravager, Overlord  
Show
View Real Time Build Order
Export as new Build Order

A.I. 1 (Very Easy) Zerg - Winner!

Build Orders: Pool First 

Get SALT Encoding   

  12  0:00  Drone  
  13  0:12  Overlord  
  13  0:16  Drone  
  14  0:34  Spawning Pool  
  13  0:37  Drone  
  13  0:41  Extractor  
  13  0:44  Drone  
  14  0:51  Overlord  
  14  1:21  Zergling x2  
  14  1:23  Queen  
  17  1:31  Roach Warren  
  16  1:34  Drone  
  16  1:38  Extractor  
  16  1:40  Zergling x2  
  16  1:43  Drone  
  18  1:56  Drone  
  18  1:58  Zergling x2  
  20  2:06  Drone  
  21  2:17  Drone  
  22  2:28  Drone  
  23  2:30  Overlord  
  23  2:35  Drone  
  24  2:42  Drone  
  25  5:50  Roach, Drone, Lair  
  25  5:51  Overlord  
  28  5:57  Drone  
  29  6:05  Drone  
  30  6:12  Drone  
  31  6:19  Drone  
  29  6:30  Roach  
  31  6:48  Overseer  
  31  6:51  Overseer  
  31  7:10  Roach  
  31  7:15  Hatchery  
Tags
 
Add a new tag
Caveats
  • Supply blocks, unpowered buildings, or Contaminate may cause inaccurate times.
  • Supply counts are checked every 10 seconds.